 Dungeon Crawl Stone Soup version 0.19-a0-315-gacbd226 (webtiles) character file.

19497 DarthKuruptios the Fighter (level 12, -20/118 HPs)
             Began as a Minotaur Berserker on May 17, 2016.
             Was the Champion of Trog.
             Killed from afar by Nergalle (22 damage)
             ... with a bolt of negative energy
             ... on level 2 of the Lair of Beasts on May 18, 2016.
             The game lasted 00:49:11 (10579 turns).

DarthKuruptios the Fighter (Minotaur Berserker)    Turns: 10579, Time: 00:49:12

Health: -20/118    AC: 20    Str: 21    XL:     12   Next: 37%
Magic:  11/11      EV:  8    Int:  9    God:    Trog [******]
Gold:   778        SH: 17    Dex: 16    Spells: 0 memorised, 11 levels left

rFire  + . .     SeeInvis .     m - +2 broad axe (flame)
rCold  . . .     Gourm    .     b - +0 plate armour
rNeg   . . .     Faith    .     A - +0 large shield
rPois  .         Spirit   .     (helmet restricted)
rElec  .         Dismiss  .     D - +0 cloak {MR+}
rCorr  .         Reflect  .     q - +0 pair of gloves
SustAt .         Harm     .     (no boots)
MR     +....     Clarity  +     o - amulet of regeneration
Stlth  .......... Rnd*Tele +    i - +3 ring of protection
                                a - +5 ring of intelligence

@: exhausted, slowed, drained, very slow, somewhat resistant to hostile
enchantments, extremely unstealthy
A: retaliatory headbutt, horns 2, blurry vision 2, clarity, fire resistance 1,
teleportitis 1, MP-powered wands
a: Berserk, Trog's Hand, Brothers in Arms, Burn Spellbooks, Renounce Religion


You were on level 2 of the Lair of Beasts.
You worshipped Trog.
Trog was exalted by your worship.
You were near starving.

You visited 2 branches of the dungeon, and saw 12 of its levels.
You also visited: Ossuary.

You collected 804 gold pieces.
You spent 26 gold pieces at shops.

Inventory:

Hand Weapons
 m - a +2 broad axe of flaming (weapon)
 J - a +3 war axe
Armour
 b - a +0 plate armour (worn)
 q - a +0 pair of gloves (worn)
 A - a +0 large shield (worn)
 D - a +0 cloak of magic resistance (worn)
Jewellery
 a - a +5 ring of intelligence (left hand)
 i - a +3 ring of protection (right hand)
 k - an uncursed ring of resist corrosion
 o - an amulet of regeneration (around neck)
Wands
 v - a wand of slowing (47/48)
 C - a wand of paralysis (13/24)
 F - a wand of paralysis (13/24)
Scrolls
 e - 4 scrolls of identify
 h - 7 scrolls of remove curse
 j - 4 scrolls of recharging
 l - a scroll of magic mapping
 r - a scroll of teleportation
 s - a scroll of blinking
 u - a scroll of enchant armour
 y - 2 scrolls of enchant weapon
Potions
 f - 2 potions of resistance
 g - 3 potions of flight
 n - 2 potions of heal wounds
 t - a potion of berserk rage
 w - 8 potions of curing
 x - a potion of cancellation {unknown}
 B - 2 potions of degeneration
 I - 2 potions of brilliance {unknown}
Comestibles
 c - 10 bread rations
 d - 6 meat rations
 p - a beef jerky
 z - 5 royal jellies
 E - 3 fruits
 G - 12 chunks of flesh
 H - a slice of pizza


   Skills:
 * Level 14.3(13.6) Fighting
 + Level 11.1(10.5) Axes
 + Level 9.8(9.2) Armour
 + Level 9.9(9.3) Dodging
 + Level 9.4(8.8) Shields


You had 11 spell levels left.
You didn't know any spells.

Dungeon Overview and Level Annotations

Branches:
Dungeon (10/15)            Temple (0/1) D:6            Lair (2/8) D:10
    Orc (0/2) D:9

Altars:
Elyvilon
Makhleb
Okawaru
Qazlal
Ukayaw
Vehumet

Shops:
D:4 ?

Annotations:
Lair:2 Nergalle


Innate Abilities, Weirdness & Mutations

You reflexively headbutt those who attack you in melee.
You have a pair of horns on your head.
Scrolls take you longer to read.
You possess an exceptional clarity of mind.
Your flesh is heat resistant.
You are occasionally teleported next to monsters.
You expend magic power (3 MP) to strengthen your wands.


Message History

The ice dragon bites you but does no damage.
The ice dragon claws you but does no damage.
The ice dragon barely misses you.
Nergalle points at you and mumbles some strange words.
Orcish apparitions take form around you.
The ice dragon breathes frost at you. The blast of cold hits you!
You hear a shout!
Unknown command.
You slash the ice dragon! You burn the ice dragon. You headbutt the ice dragon!
The ice dragon is moderately wounded.
You block the ice dragon's attack. x2; The ice dragon tramples you.
You stumble backwards!
You block the spectral orc's attack. Nergalle hits you but does no damage.
The ice dragon breathes frost at you. The blast of cold hits you!
* * * LOW HITPOINT WARNING * * *
Nergalle casts a spell at you. The bolt of negative energy hits you!
You feel drained.
You die...

#..... #..... ##.#
... ##.....
#..##.. .......
#.Y... ♣.♣....
.... ......$ ... ≈
♣.♣...Y###.# ..≈
......Zo##.##....≈
.......@D†........
.......†......$.≈.
................≈≈
...............≈.F
###..###'##.P...≈≈
#.. ... ...#⌠.≈
#.. .... ...+...
#. #......... ..


You could see an ice dragon, Nergalle, a spectral orc and an ice beast.

Vanquished Creatures
  A fire dragon (D:9)
  The ghost of Eucla the Grappler, a journeyman TrMo of Hepliaklqana (Lair:1)
  The ghost of chequers the Brawler, a journeyman TrMo of Hepliaklqana (Lair:2)
  3 unseen horrors
  2 hill giants (D:10)
  Pikel (D:9)
  A black mamba (Lair:1)
  Maurice (D:8)
  Psyche (D:8)
  4 spiny frogs
  2 komodo dragons (Lair:1)
  A troll (D:9)
  A polar bear (Lair:2)
  2 two-headed ogres
  Prince Ribbit (D:7)
  5 blink frogs (Lair:1)
  2 basilisks (Lair:1)
  15 yaks (Lair:1)
  4 hippogriffs
  The ghost of gracecamel the Vandal, an amateur CeHu (D:3)
  3 hungry ghosts
  3 porcupines (Lair:1)
  2 water moccasins
  6 ice beasts
  3 orc warriors
  4 sky beasts
  A slave (D:9)
  4 phantoms
  An ogre (D:7)
  4 centaurs
  2 crocodiles
  2 big kobolds (D:10)
  4 giant frogs
  4 scorpions
  A wyvern skeleton (D:9)
  11 killer bees
  3 spriggan skeletons (D:9)
  2 howler monkeys (D:10)
  4 crimson imps
  A centaur zombie (D:9)
  A giant frog zombie (D:5)
  A jelly (D:9)
  6 hounds
  2 gnoll shamans (D:7)
  6 orc priests
  13 orc wizards
  5 centaur skeletons
  8 iguanas
  10 worker ants
  5 sheep (Lair:2)
  A big kobold zombie (Ossuary)
  6 ogre zombies (D:9)
  A hound zombie (D:6)
  2 mummies (Ossuary)
  7 gnolls (D:7)
  11 adders
  14 river rats
  3 shadow imps
  An ooze (D:4)
  5 adder zombies (Ossuary)
  2 adder skeletons
  5 worms
  A dart slug (D:2)
  3 giant geckos
  51 orcs
  A ball python (D:2)
  10 bats
  5 giant cockroaches
  2 gnoll zombies (Ossuary)
  8 goblins
  5 hobgoblins
  22 jackals
  7 quokkas
  4 giant gecko skeletons
  6 giant newts
  A goblin skeleton (D:9)
  6 goblin zombies (D:9)
  2 hobgoblin skeletons (D:9)
  8 hobgoblin zombies
  19 kobolds
  11 kobold zombies (Ossuary)
  2 orc skeletons (D:9)
  7 orc zombies
  40 rats
  4 fungi (D:10)
  A plant (D:7)
456 creatures vanquished.

Vanquished Creatures (others)
  A quokka (D:9)
  A fungus (Lair:1)
2 creatures vanquished.

Grand Total: 458 creatures vanquished

Notes
Turn   | Place    | Note
--------------------------------------------------------------
     0 | D:1      | DarthKuruptios the Minotaur Berserker began the quest for the Orb.
     0 | D:1      | Reached XP level 1. HP: 19/19 MP: 0/0
   298 | D:1      | Reached XP level 2. HP: 27/27 MP: 1/1
   350 | D:1      | Reached skill level 4 in Fighting
   857 | D:2      | Reached ** piety under Trog
   857 | D:2      | Reached XP level 3. HP: 32/34 MP: 2/2
   962 | D:2      | Found a white marble altar of Elyvilon.
   968 | D:2      | Reached skill level 5 in Fighting
  1177 | D:2      | Reached XP level 4. HP: 42/42 MP: 3/3
  1196 | D:2      | You fall through a shaft for 2 floors!
  1602 | D:2      | Found a burning altar of Makhleb.
  1651 | D:3      | Reached *** piety under Trog
  1656 | D:3      | Reached skill level 6 in Fighting
  1694 | D:3      | Noticed gracecamel's ghost (amateur CeHu)
  1703 | D:3      | Killed gracecamel's ghost
  1703 | D:3      | Reached skill level 7 in Fighting
  1703 | D:3      | Reached XP level 5. HP: 52/52 MP: 4/4
  1730 | D:3      | Reached XP level 6. HP: 3/61 MP: 5/5
  1849 | D:3      | Reached skill level 8 in Fighting
  2237 | D:3      | Reached **** piety under Trog
  2577 | D:4      | Reached skill level 9 in Fighting
  2761 | D:4      | Reached XP level 7. HP: 59/70 MP: 6/6
  2931 | D:4      | Found Tulem's Magic Scroll Emporium.
  2939 | D:4      | Bought a scroll of identify for 26 gold pieces
  3041 | D:4      | Gained mutation: You have supernaturally acute eyesight. [potion of beneficial mutation]
  3161 | D:4      | Reached skill level 10 in Fighting
  3672 | D:5      | Entered Level 5 of the Dungeon
  3710 | D:5      | Reached ***** piety under Trog
  3730 | D:5      | Found an iron altar of Okawaru.
  3832 | D:5      | Found a stormy altar of Qazlal.
  3864 | D:5      | Found a hide-covered altar to Ukayaw.
  4126 | D:5      | Found a sand-covered staircase.
  4137 | Ossuary  | Entered an ossuary
  4319 | D:5      | Upgraded the game from 0.18-a0-1688-gcd67086 to 0.19-a0-315-gacbd226
  4530 | D:6      | Reached XP level 8. HP: 65/81 MP: 7/7
  4606 | D:6      | Reached skill level 11 in Fighting
  4734 | D:6      | Reached skill level 5 in Axes
  5045 | D:6      | Found a staircase to the Ecumenical Temple.
  5138 | D:6      | Reached skill level 5 in Armour
  5330 | D:7      | Reached XP level 9. HP: 86/90 MP: 8/8
  5397 | D:7      | Reached skill level 5 in Dodging
  5882 | D:7      | Found a radiant altar of Vehumet.
  5890 | D:7      | Reached skill level 12 in Fighting
  5895 | D:7      | Noticed Prince Ribbit
  5905 | D:7      | Killed Prince Ribbit
  6250 | D:8      | Received a gift from Trog
  6609 | D:8      | Noticed Psyche
  6616 | D:8      | Killed Psyche
  6666 | D:8      | Reached XP level 10. HP: 97/97 MP: 9/9
  6707 | D:8      | Gained mutation: You possess an exceptional clarity of mind. [mutagenic meat]
  6708 | D:8      | Lost mutation: You have supernaturally acute eyesight. [mutagenic meat]
  6709 | D:8      | Gained mutation: You occasionally shout uncontrollably at your foes. [mutagenic meat]
  6711 | D:8      | Gained mutation: You expend magic power (3 MP) to strengthen your wands. [mutagenic meat]
  6712 | D:8      | Lost mutation: You occasionally shout uncontrollably at your foes. [mutagenic meat]
  6770 | D:8      | Noticed Maurice
  6782 | D:8      | Killed Maurice
  6846 | D:8      | Got a smoking ring mail
  6857 | D:8      | Identified the +1 ring mail of the Countless Songs {rElec Dex+9} (You found it on level 8 of the Dungeon)
  7043 | D:9      | Reached skill level 1 in Shields
  7192 | D:9      | Found a staircase to the Orcish Mines.
  7497 | D:9      | Gained mutation: Your flesh is heat resistant. [mutagenic meat]
  7641 | D:9      | Noticed Pikel
  7649 | D:9      | Killed Pikel
  7987 | D:9      | Noticed a fire dragon
  8008 | D:9      | Killed a fire dragon
  8008 | D:9      | Reached skill level 5 in Shields
  8151 | D:9      | Reached XP level 11. HP: 76/106 MP: 10/10
  8189 | D:9      | Killed an unseen horror
  8189 | D:9      | Reached skill level 13 in Fighting
  8391 | D:10     | Entered Level 10 of the Dungeon
  8424 | D:10     | Reached ****** piety under Trog
  8425 | D:10     | Found a staircase to the Lair.
  8485 | D:10     | Received a gift from Trog
  8559 | D:10     | Noticed a hill giant
  8570 | D:10     | Killed a hill giant
  8847 | D:10     | Gained mutation: Scrolls take you a little longer to read. [potion of mutation]
  8847 | D:10     | Gained mutation: Scrolls take you longer to read. [potion of mutation]
  8847 | D:10     | Gained mutation: You are occasionally teleported next to monsters. [potion of mutation]
  8854 | D:10     | Killed an unseen horror
  8948 | D:10     | Noticed a hill giant
  8961 | D:10     | Killed a hill giant
  8961 | D:10     | Reached skill level 10 in Axes
  9019 | D:10     | Killed an unseen horror
  9352 | Lair:1   | Entered Level 1 of the Lair of Beasts
  9352 | Lair:1   | Noticed Eucla's ghost (journeyman TrMo)
  9364 | Lair:1   | Killed Eucla's ghost
  9883 | Lair:1   | Reached XP level 12. HP: 90/116 MP: 11/11
 10131 | Lair:1   | Reached skill level 14 in Fighting
 10457 | Lair:2   | Received a gift from Trog
 10554 | Lair:2   | Noticed chequers's ghost (journeyman TrMo)
 10564 | Lair:2   | Killed chequers's ghost
 10571 | Lair:2   | Noticed an ice dragon
 10578 | Lair:2   | Noticed Nergalle
 10579 | Lair:2   | HP: 2/118 [ice dragon/blast of cold (44)]
 10579 | Lair:2   | Killed from afar by Nergalle

Vault maps used:
D:1:      dpeg_arrival_rooms_b, minmay_misc_feat_five, minmay_misc_feat_encased
D:2:      lightli_temple_of_fire, overflow_temple_1_default
D:3:      minmay_rats_cheesy_pizza
D:4:      first_bread, serial_shops, shop
D:5:      nicolae_overflow_crystal_walls, lemuel_doored_altar,
          nicolae_ossuary_entry_plus, hangedman_decor_points,
          kennysheep_cluttered_room, kennysheep_pointless_box,
          okawaru_ov_weapons_minmay
D:6:      minmay_temple_entry_overgrown
D:7:      wad_woods_stonehenge, uniq_prince_ribbit1
D:8:      uniq_psyche, uniq_maurice
D:9:      dragon1_lemuel, zombieorc1_lemuel, hangedman_tell_no_tales, uniq_pikel
D:10:     due_lair_maze_entry_diamond, serial_glass, glass_columns_a,
          glass_columns_a
Lair:1:   beast_lair_carwin_11
Lair:2:   serial_forest, infiniplex_forest_straight_3,
          infiniplex_forest_clump_small, infiniplex_forest_end_3,
          infiniplex_forest_end_2, infiniplex_forest_lined_2,
          infiniplex_forest_lined_1, ice2_lemuel, uniq_gastronok, uniq_nergalle
Ossuary:  ossuary_tomb_2

Skill      XL: |  1  2  3  4  5  6  7  8  9 10 11 12 |
---------------+-------------------------------------+-----
Fighting       | 4 5 7 9 10 11 12 13 14 | 14.3
Axes           | 4 5 8 9 10 11 | 11.1
Armour         | 3 5 6 7 9 |  9.8
Dodging        | 3 4 7 8 9 |  9.9
Shields        | 5 9 |  9.4

Action                   |  1- 3 |  4- 6 |  7- 9 | 10-12 || total
-------------------------+-------+-------+-------+-------++-------
Melee: Hand axe          |    66 |    81 |       |       ||   147
       War axe           |       |    90 |   135 |       ||   225
       War axe           |       |       |   253 |   533 ||   786
       Headbutt          |       |       |    59 |   143 ||   202
       Broad axe         |       |       |       |    32 ||    32
Invok: Berserk           |       |     1 |       |       ||     1
       Trog's Hand       |       |     1 |       |       ||     1
       Berserk           |       |       |       |     3 ||     3
       Trog's Hand       |       |       |       |     3 ||     3
       Burn Spellbooks   |       |       |       |     1 ||     1
  Use: Potion            |       |     1 |     1 |       ||     2
       Scroll            |       |       |    12 |       ||    12
       Scroll            |       |       |     9 |       ||     9
       Potion            |       |       |       |     7 ||     7
  Eat: Chunk             |     1 |     6 |     4 |       ||    11
       Beef jerky        |       |       |     1 |       ||     1
       Chunk             |       |       |     9 |    25 ||    34
       Pizza             |       |       |     1 |     1 ||     2
Armor: Chain mail        |       |       |   108 |       ||   108
       Plate armour      |       |       |    69 |   460 ||   529
Dodge: Dodged            |       |       |   148 |   222 ||   370
Block: Buckler           |       |       |       |    73 ||    73
       Large shield      |       |       |       |   138 ||   138
